 Dungeon Crawl Stone Soup version 0.29.0-7-g18a832c13a (webtiles) character file.

Game seed: 440877265124636781

183 SensoryNuts the Slasher (level 5, 0/41 HPs)
             Began as a Demonspawn Fighter on Aug 31, 2022.
             Slain by Grinder (4 damage)
             ... on level 3 of the Dungeon.
             The game lasted 00:02:07 (2138 turns).

SensoryNuts the Slasher (Demonspawn Fighter)        Turns: 2138, Time: 00:02:07

Health: 0/41       AC:  6    Str: 16    XL:     5   Next: 35%
Magic:  5/5        EV:  9    Int:  9    God:
Gold:   86         SH:  5    Dex: 15    Spells: 4/4 levels left

rFire   . . .      SeeInvis .   a - +0 long sword
rCold   . . .      Faith    .   c - +0 buckler
rNeg    . . .      Spirit   .   b - +0 scale mail
rPois   .          Reflect  .   (no helmet)
rElec   .          Harm     .   (no cloak)
rCorr   +          Rampage  .   (no gloves)
Will    .....                   (no boots)
Stlth   ..........              (no amulet)
HPRegen 0.13/turn               j - ring of resist corrosion
MPRegen 0.09/turn               (no ring)

@: attractive
A: foul stench 1, demonic touch 2
a: no special abilities


You were on level 3 of the Dungeon.
You visited 1 branch of the dungeon, and saw 3 of its levels.

You collected 86 gold pieces.

Inventory:

Hand Weapons
 a - a +0 long sword (weapon)
Armour
 b - a +0 scale mail (worn)
 c - a +0 buckler (worn)
Jewellery
 j - a ring of resist corrosion (left hand)
Scrolls
 d - a scroll of amnesia {unknown}
 h - a scroll of teleportation {unknown}
 i - 3 scrolls of vulnerability {unknown}
 k - a scroll of immolation {unknown}
 l - a scroll of identify {unknown}
 o - a scroll of fog {unknown}
Potions
 e - a potion of resistance {unknown}
 f - a potion of attraction
 g - a potion of haste {unknown}
 m - a potion of curing {unknown}
 n - a potion of magic {unknown}


   Skills:
 + Level 3.3 Fighting
 * Level 4.0 Long Blades
 + Level 3.5 Armour
 + Level 0.4 Dodging
 + Level 3.1 Shields


You had 4 spell levels left.
You didn't know any spells.
Your spell library contained the following spells:

 Spells                   Type           Power      Damage    Failure   Level
 Blink                    Tloc           0%         N/A       96%         2
 Lesser Beckoning         Tloc           0%         N/A       99%         3
 Manifold Assault         Tloc           0%         N/A       100%        5


Dungeon Overview and Level Annotations

Branches:
Dungeon (3/15)

Altars:

Shops:
D:1 !

Annotations:
D:3 Grinder


Innate Abilities, Weirdness & Mutations

You may rarely emit foul miasma when damaged in melee.
Your touch may inflict irresistible damage on your foes.


Message History

Grinder is moderately wounded.
Grinder blinks!
Grinder blinks!
Grinder closely misses you.
You closely miss Grinder.
Grinder is moderately wounded.
Grinder closely misses you.
You slash Grinder!
Grinder is heavily wounded.
You block Grinder's attack. x2
You slash Grinder!
Grinder is severely wounded.
Grinder gestures at you. Pain shoots through your body!
You hit Grinder.
Grinder is severely wounded.
Grinder blinks!
You block Grinder's attack.
You hit Grinder.
Grinder is almost dead.
Grinder hits you.
You writhe in agony.
You hit Grinder but do no damage.
Grinder is almost dead.
Grinder hits you but does no damage. Grinder gestures at you.
You suddenly lose the ability to move!
Grinder hits you!
* * * LOW HITPOINT WARNING * * *
You emit a cloud of foul miasma!
Grinder hits you.
* * * LOW HITPOINT WARNING * * *
You writhe in agony.
* * * LOW HITPOINT WARNING * * *
Grinder gestures at you.
You barely resist.
You can move again.
It was a potion of attraction.
You feel attractive to monsters. Grinder hits you.
You die...

...## ###...#
#.#...# ######
8.#..# ######.....
#...# #..........
#.###...###
#.####.....
#........# #†#
##.### ######.##.#
#.# #.###
#>....@...# #.#
#....
#....#5##.###.#
#####
####...##...#.#
#$..##.#.#.###.#####
#.........)†........
....##...#.########.
.....####...# ....
....... ....# ###. .
###... ##


You could see Grinder.

Vanquished Creatures
  A black bear (D:3)
  4 adders
  A worm (D:3)
  A dart slug (D:3)
  An orc (D:3)
  2 endoplasms (D:1)
  2 giant cockroaches
  5 hobgoblins
  7 jackals
  4 ball pythons
  3 bats
  6 frilled lizards
  5 goblins
  2 kobolds (D:1)
  4 rats
48 creatures vanquished.

Notes
Turn   | Place    | Note
-------+----------+-------------------------------------------
     0 | D:1      | SensoryNuts the Demonspawn Fighter began the quest for the
                  | Orb.
     0 | D:1      | Reached XP level 1. HP: 18/18 MP: 1/1
   215 | D:1      | Gained mutation: You may rarely emit foul miasma when
                  | damaged in melee. [demonic ancestry]
   215 | D:1      | Reached XP level 2. HP: 24/24 MP: 2/2
   285 | D:1      | Found Izaj's Distillery.
   449 | D:1      | Reached skill level 2 in Long Blades
  1193 | D:2      | Reached XP level 3. HP: 28/29 MP: 3/3
  1507 | D:3      | Reached skill level 3 in Long Blades
  1579 | D:3      | Discovered your monstrous ancestry.
  1579 | D:3      | Gained mutation: Your touch may inflict minor irresistible
                  | damage on your foes. [demonic ancestry]
  1579 | D:3      | Reached XP level 4. HP: 32/35 MP: 4/4
  1808 | D:3      | Noticed a black bear
  1819 | D:3      | Killed a black bear
  1820 | D:3      | Gained mutation: Your touch may inflict irresistible damage
                  | on your foes. [demonic ancestry]
  1820 | D:3      | Reached XP level 5. HP: 41/41 MP: 5/5
  1972 | D:3      | Reached skill level 4 in Long Blades
  2114 | D:3      | Noticed Grinder
  2134 | D:3      | Paralysed by Grinder for 4 turns
  2138 | D:3      | Slain by Grinder

Illustrated notes

Levels and vault maps discovered:
D:1:      eino_arrival_water_star, layout_basic, serial_shops, shop_fountains
D:2:      layout_loops_cross
D:3:      layout_basic, gammafunk_temple_overflow_wave, grunt_decor_one_mirror,
          uniq_ijyb, uniq_grinder

Skill      XL: |  1  2  3  4  5 |
---------------+----------------+-----
Long Blades    | 2 3 4 |  4.0
Armour         | 3 |  3.5
Shields        | 3 |  3.1
Fighting       | |  3.3
Dodging        | |  0.4

Action                   |  1- 3 |  4- 6 || total
-------------------------+-------+-------++-------
Melee: Long sword        |    97 |    51 ||   148
  Use: Scroll            |     1 |       ||     1
       Potion            |       |     2 ||     2
Armor: Scale mail        |    57 |    34 ||    91
Dodge: Dodged            |    43 |    27 ||    70
Block: Buckler           |    40 |    18 ||    58
